 Dungeon Crawl Stone Soup version 0.27-a0-1188-g73eefd5def (webtiles) character file.

Game seed: 13576262722711350297

236 Froggeryz the Chopper (level 5, 0/67 HPs)
             Began as a Draconian Berserker on May 22, 2021.
             Was a Believer of Trog.
             Splashed by a jelly's acid (4 damage)
             ... on level 4 of the Dungeon.
             The game lasted 00:04:45 (3342 turns).

Froggeryz the Chopper (Draconian Berserker)         Turns: 3342, Time: 00:04:45

Health: 0/67       AC: -19   Str: 21    XL:     5   Next: 77%
Magic:  5/5        EV: 16    Int:  7    God:    Trog [**....]
Gold:   118        SH:  0    Dex: 10    Spells: 4/4 levels left

rFire    . . .     SeeInvis .   a - +0 hand axe
rCold    . . .     Faith    .   (no shield)
rNeg     . . .     Spirit   .   (armour unavailable)
rPois    .         Reflect  .   (helmet restricted)
rElec    .         Harm     .   (no cloak)
rCorr    .         Rampage  .   (no gloves)
Will     .....                  (no boots)
Stlth    ..........             (no amulet)
HPRegen  0.21/turn              k - +4 ring of evasion
MPRegen  0.09/turn              (no ring)

@: berserking, corroded, very quick
A: AC +5, unfitting armour, cold-blooded
a: Renounce Religion, Berserk, Trog's Hand


You were on level 4 of the Dungeon.
You worshipped Trog.
Trog was pleased with you.
You visited 1 branch of the dungeon, and saw 4 of its levels.

You collected 118 gold pieces.

Inventory:

Hand Weapons
 a - a +0 hand axe (weapon)
Armour
 r - a +0 buckler
Jewellery
 k - a +4 ring of evasion (left hand)
Wands
 p - a wand of iceblast (12)
Scrolls
 c - 3 scrolls of identify {unknown}
 d - a scroll of enchant weapon {unknown}
 e - a scroll of noise {unknown}
 f - a scroll of vulnerability {unknown}
 i - a scroll of silence {unknown}
 l - 2 scrolls of teleportation {unknown}
 m - a scroll of fear {unknown}
 s - a scroll of blinking {unknown}
Potions
 b - a potion of invisibility {unknown}
 g - 3 potions of heal wounds
 h - 2 potions of curing {unknown}
 j - a potion of haste {unknown}
 n - a potion of ambrosia {unknown}
 o - a potion of flight {unknown}
 q - a potion of brilliance {unknown}


   Skills:
 - Level 3.2 Fighting
 + Level 6.2 Axes
 - Level 2.6 Dodging
 - Level 0.9 Stealth
 * Level 1.1 Shields


You had 4 spell levels left.
You didn't know any spells.
Your spell library was empty.

Dungeon Overview and Level Annotations

Branches:
Dungeon (4/15)
 Temple: D:4-7

Altars:
Makhleb
Zin

Shops:
D:2 (


Innate Abilities, Weirdness & Mutations

Your plain brown scales are hard. (AC +5)
You cannot fit into any form of body armour.
You are cold-blooded and may be slowed by cold attacks.


Message History

You hit the hound.
The hound is almost dead.
The hound closely misses you.
You hit the hound.
You kill the hound!
Trog accepts your kill.
Your Shields skill increases to level 1!
No target in view!
No target in view!
A jelly comes into view.
Found a stone staircase leading up.
A jelly is nearby!
A jelly is nearby!
The jelly quivers.
The jelly hits you but does no damage.
You hit the jelly but do no damage. The acid corrodes you!
Your hands burn!
The jelly barely misses you.
You barely miss the jelly. You tail-slap the jelly.
The jelly is moderately wounded.
The jelly misses you.
You hit the jelly. The acid corrodes you!
Your hands burn!
You tail-slap the jelly.
The jelly is severely wounded.
The jelly hits you. The acid corrodes you!
You are splashed with acid!
You hit the jelly but do no damage.
Your hands burn!
The jelly is severely wounded.
The jelly hits you. The acid corrodes you!
You are splashed with acid!
* * * LOW HITPOINT WARNING * * *
You are too injured to fight recklessly!
You hit the jelly but do no damage. The acid corrodes you!
Your hands burn!
* * * LOW HITPOINT WARNING * * *
The jelly is severely wounded.
The jelly hits you.
* * * LOW HITPOINT WARNING * * *
You are splashed with acid!
* * * LOW HITPOINT WARNING * * *
A red film seems to cover your vision as you go berserk!
You feel yourself moving faster!
You feel mighty! The jelly misses you.
You hit the jelly but do no damage. The acid corrodes you!
Your hands burn!
You die...

##+# ##...##
##.....##
##.......##
#.........#
+......J..+
#......@..#
##......<##
##.....#######
##..........#
##..######.# #..#
#.# #####..####
#.# ..........#
#.#
##...##.###.####.#


You could see a jelly.

Vanquished Creatures
  A phantom (D:4)
  A hound (D:4)
  An iguana (D:4)
  4 adders
  A dart slug (D:2)
  4 ball pythons
  6 endoplasms
  2 giant cockroaches
  6 goblins
  13 hobgoblins
  2 jackals (D:1)
  4 quokkas
  6 bats
  2 frilled lizards
  5 kobolds
  4 rats
62 creatures vanquished.

Notes
Turn   | Place    | Note
-------+----------+-------------------------------------------
     0 | D:1      | Froggeryz the Draconian Berserker began the quest for the
                  | Orb.
     0 | D:1      | Reached XP level 1. HP: 19/19 MP: 1/1
   316 | D:1      | Found a faded altar of an unknown god.
   321 | D:1      | Reached XP level 2. HP: 21/26 MP: 2/2
   601 | D:1      | Reached skill level 4 in Axes
   771 | D:1      | Reached XP level 3. HP: 30/31 MP: 3/3
  1005 | D:2      | Found a glowing silver altar of Zin.
  1013 | D:2      | Reached ** piety under Trog
  1239 | D:2      | Found Cuqot's Weapon Shoppe.
  1953 | D:3      | Reached XP level 4. HP: 38/38 MP: 4/4
  1970 | D:3      | Found a burning altar of Makhleb.
  2228 | D:3      | Reached skill level 5 in Axes
  3192 | D:4      | Noticed a phantom
  3212 | D:4      | Killed a phantom
  3213 | D:4      | Reached skill level 6 in Axes
  3213 | D:4      | Reached XP level 5. HP: 45/45 MP: 5/5
  3283 | D:4      | Reached skill level 1 in Shields
  3340 | D:4      | HP: 2/45 [acid (7)]
  3342 | D:4      | Splashed by a jelly's acid

Illustrated notes

Levels and vault maps discovered:
D:1:      kennysheep_arrival_seaside, layout_basic,
          ebering_ecumenical_altar_mist, minmay_misc_feat_plants,
          glass_columns_b, minmay_indecisive_spiral
D:2:      layout_rooms, serial_shops, shop, basic_altar
D:3:      layout_loops_cross, bloody_makhleb, kennysheep_small_spiral,
          due_unseen_surprise
D:4:      layout_loops_corners, nicolae_hepliaklqana_hazy_memory, minitemple

Skill      XL: |  1  2  3  4  5 |
---------------+----------------+-----
Axes           | 4 6 |  6.2
Shields        | 1 |  1.1
Fighting       | |  3.2
Dodging        | |  2.6
Stealth        | |  0.9

Action                   |  1- 3 |  4- 6 || total
-------------------------+-------+-------++-------
Melee: Hand axe          |   111 |    94 ||   205
       Tailslap          |    18 |    12 ||    30
Invok: Berserk           |       |     2 ||     2
  Use: Potion            |       |     1 ||     1
 Stab: Sleeping          |     1 |     1 ||     2
Armor: Skin              |    33 |    16 ||    49
Dodge: Dodged            |    95 |    63 ||   158

Table legend: (Time is in decaauts)
 A = Elapsed time spent in this place.
 B = Non-inter-level travel time spent in this place.
 C = Inter-level travel time spent in this place.
 D = Time resting spent in this place.
 E = Time spent auto-exploring this place.
 F = Levels seen in this place.
 G = Mean time per level.
                   A        B        C        D        E       F      G
               +--------+--------+--------+--------+--------+-----+--------+
         Total |   3374 |   3279 |     95 |    158 |   2685 |   4 |  843.5 |
       Dungeon |   3374 |   3279 |     95 |    158 |   2685 |   4 |  843.5 |
               +--------+--------+--------+--------+--------+-----+--------+

Top non-repeatable levels by time:
     D:2: 988 daAuts
     D:1: 980 daAuts
     D:3: 812 daAuts
     D:4: 592 daAuts
